Map: [ESL] Goldenaura

Players

trigger

  • Race: Protoss Protoss
  • Spawn Location: 12:00

Cham - Winner!

  • Race: Zerg Zerg
  • Spawn Location: 5:00

Event: ESL SC2 Masters 2024 Spring (Regional)

VOD

Have the link to the VOD?

Description

Time

  • Played on: May 2, 2024, 3:58 p.m.
  • Length: 24:45

All games in this series

Show
View Real Time Build Order
Export as new Build Order

trigger Protoss 

Build Orders: 1 Gate Expand, Oracle Opening, Chargelot Immortal 

Get SALT Encoding   

  12  0:00  Probe  
  13  0:15  Pylon  
  13  0:17  Probe (Chrono Boost)  
  14  0:26  Probe (Chrono Boost)  
  15  0:31  Probe (Chrono Boost)  
  16  0:40  Gateway  
  16  0:43  Probe  
  16  0:48  Assimilator  
  17  0:56  Probe  
  18  1:08  Probe  
  19  1:21  Nexus  
  19  1:31  Cybernetics Core  
  19  1:34  Probe  
  20  1:40  Assimilator  
  20  1:46  Probe  
  21  1:50  Pylon  
  21  1:58  Probe  
  22  2:05  Adept (Chrono Boost)  
  24  2:10  Probe  
  25  2:20  Stargate  
  25  2:22  Probe  
  26  2:25  Adept (Chrono Boost)  
  28  2:33  Probe  
  28  2:34  Probe  
  30  2:38  Warp Gate  
  30  2:45  Probe  
  30  2:47  Probe  
  30  2:48  Adept  
  34  2:57  Probe  
  35  2:59  Probe  
  35  3:05  Oracle (Chrono Boost)  
  36  3:09  Probe  
  36  3:12  Pylon, Probe  
  41  3:21  Probe  
  41  3:24  Probe  
  43  3:27  Gateway  
  43  3:33  Probe  
  44  3:35  Oracle (Chrono Boost)  
  44  3:37  Probe  
  44  3:38  Pylon  
  48  3:45  Probe  
  49  3:50  Probe  
  50  3:56  Nexus  
  50  4:01  Oracle (Chrono Boost)  
  53  4:03  Probe  
  53  4:05  Probe  
  55  4:13  Assimilator  
  55  4:15  Probe  
  55  4:17  Assimilator, Probe  
  57  4:27  Probe  
  57  4:29  Twilight Council  
  57  4:30  Forge  
  59  4:32  Pylon  
  59  4:36  Adept x2  
  62  4:47  Gateway  
  62  4:50  Probe x2  
  62  4:51  Gateway  
  64  4:58  Stalker  
  66  5:02  Probe x2  
  68  5:08  Blink  
  68  5:13  Probe (Chrono Boost)  
  67  5:14  Protoss Ground Weapons Level 1 (Chrono Boost)  
  67  5:16  Probe (Chrono Boost)  
  67  5:17  Probe (Chrono Boost)  
  67  5:18  Stalker  
  71  5:25  Probe (Chrono Boost), Shield Battery  
  71  5:27  Stalker  
  71  5:28  Probe x2 (Chrono Boost)  
  76  5:32  Probe (Chrono Boost)  
  76  5:33  Probe (Chrono Boost)  
  76  5:35  Probe (Chrono Boost)  
  78  5:40  Probe  
  80  5:44  Probe  
  80  5:46  Pylon  
  80  5:47  Pylon  
  80  5:48  Probe  
  82  5:50  Assimilator  
  82  5:51  Assimilator  
  82  5:52  Probe  
  82  5:53  Templar Archives  
  82  5:56  Probe  
  84  6:00  Pylon, Probe  
  85  6:04  Probe  
  85  6:08  Probe  
  81  6:12  Probe  
  81  6:14  Stalker x2  
  81  6:15  Stalker  
  81  6:17  Probe  
  81  6:18  Psionic Storm  
  89  6:22  Pylon, Shield Battery  
  89  6:36  Nexus  
  89  6:38  Pylon  
  89  6:40  High Templar x3  
  89  6:41  Photon Cannon  
  89  6:46  Pylon  
  95  6:47  Pylon  
  95  6:49  Robotics Facility  
  95  6:51  Gateway  
  95  6:54  Gateway  
  95  6:58  Zealot  
  97  7:03  Probe x3  
  100  7:13  High Templar x2  
  100  7:15  Charge, Probe  
  105  7:18  Shield Battery  
  105  7:19  Photon Cannon  
  105  7:25  Protoss Ground Weapons Level 2 (Chrono Boost), Gateway  
  105  7:26  Gateway  
  105  7:27  Gateway  
  105  7:28  Pylon  
  105  7:29  Photon Cannon, Probe x3  
  108  7:34  High Templar  
  108  7:36  Pylon  
  110  7:40  Immortal (Chrono Boost)  
  110  7:41  Probe  
  110  7:43  Probe  
  116  7:47  Probe  
  116  7:50  Probe  
  118  7:52  High Templar  
  118  7:53  Assimilator, Probe  
  118  7:55  Probe  
  118  7:56  Assimilator  
  118  7:57  High Templar  
  124  7:59  Probe  
  124  8:01  Archon  
  124  8:02  Zealot x3, Probe  
  124  8:05  Probe  
  133  8:07  Probe  
  133  8:08  Observer (Chrono Boost)  
  133  8:11  Probe  
  136  8:14  Probe  
  136  8:16  Robotics Facility  
  137  8:24  Immortal (Chrono Boost)  
  141  8:31  Pylon, Zealot x5  
  141  8:32  Zealot  
  153  8:36  Zealot x2  
  153  8:39  Forge  
  157  8:43  Gateway  
  139  8:48  Zealot  
  131  8:56  Immortal  
  131  8:57  Stalker x7  
  131  8:59  Stalker  
  130  9:21  Zealot x2  
  130  9:22  Zealot x3  
  140  9:27  Robotics Facility x2  
  119  9:36  Immortal (Chrono Boost), Probe x2  
  104  9:40  Zealot  
  104  9:42  Zealot x5  
  77  10:02  High Templar x6  
  89  10:07  Archon  
  96  10:16  Immortal (Chrono Boost)  
  96  10:17  Immortal (Chrono Boost), Protoss Ground Armor Level 1 (Chrono Boost)  
  100  10:21  Immortal (Chrono Boost)  
  100  10:23  Photon Cannon  
  100  10:25  Pylon  
  100  10:27  Pylon  
  100  10:35  High Templar x2  
  104  10:38  Zealot x3  
  104  10:40  Immortal (Chrono Boost)  
  104  10:41  Archon  
  104  10:46  Archon  
  112  10:50  Immortal (Chrono Boost)  
  112  10:55  Immortal (Chrono Boost)  
  114  10:57  Gateway  
  114  10:58  High Templar x3  
  120  11:05  Protoss Ground Weapons Level 3  
  120  11:08  Zealot x2  
  124  11:12  Immortal (Chrono Boost)  
  124  11:13  Photon Cannon  
  124  11:16  Photon Cannon  
  128  11:23  Observer (Chrono Boost)  
  129  11:33  Nexus  
  129  11:35  Zealot x2  
  133  11:42  Pylon  
  133  11:44  Pylon  
  133  11:45  Pylon  
  133  11:50  Observer (Chrono Boost)  
  123  12:03  Observer (Chrono Boost)  
  123  12:08  Zealot x6  
  114  12:11  Probe x3  
  95  12:23  Probe x2 (Chrono Boost), Nexus  
  95  12:24  Probe (Chrono Boost)  
  95  12:27  Immortal (Chrono Boost)  
  102  12:32  High Templar  
  102  12:33  High Templar x4  
  102  12:36  Probe x2 (Chrono Boost)  
  114  12:38  Archon x2  
  114  12:42  Probe (Chrono Boost)  
  116  12:44  Pylon, Probe x2 (Chrono Boost)  
  116  12:46  Pylon  
  116  12:48  Probe (Chrono Boost)  
  116  12:50  Probe  
  117  12:55  Probe  
  123  12:59  Immortal (Chrono Boost)  
  123  13:04  Immortal (Chrono Boost)  
  127  13:11  High Templar x2  
  131  13:21  Archon  
  131  13:22  Zealot x3  
  131  13:23  Zealot  
  125  13:34  Observer  
  98  13:45  Nexus  
  98  13:46  High Templar x4  
  98  13:47  Zealot  
  108  13:50  Archon x2  
  108  13:52  Zealot  
  110  14:11  High Templar  
  110  14:16  High Templar  
  114  14:24  Probe  
  114  14:25  Probe  
  114  14:27  Shield Battery  
  114  14:28  Zealot x2, Photon Cannon  
  120  14:34  Zealot  
  120  14:37  Probe  
  123  14:40  Probe  
  124  14:49  Probe  
  124  14:52  Probe  
  114  15:09  Observer  
  99  15:18  Zealot x6  
  109  15:27  Archon  
  71  16:04  High Templar x3  
  71  16:05  High Templar  
  71  16:10  Observer  
  75  16:12  Nexus  
  75  16:14  Pylon  
  75  16:18  Immortal x2 (Chrono Boost)  
  83  16:27  Zealot x2  
  83  16:31  Pylon  
  83  16:32  Immortal (Chrono Boost)  
  87  16:39  Stalker x2  
  95  16:43  Zealot  
  97  16:49  Shield Battery  
  97  16:50  High Templar x3  
  103  16:59  Archon  
  103  17:07  Immortal  
  107  17:17  Zealot x3  
  113  17:26  Observer  
  113  17:33  Zealot x2  
  113  17:34  Probe x2  
  119  17:40  Observer  
  119  17:43  Probe  
  114  17:49  Probe x2  
  115  17:54  Assimilator  
  115  17:56  Assimilator  
  113  18:00  Stalker x4  
  121  18:15  Zealot x2  
  123  18:27  Zealot x4  
  127  18:44  Pylon  
  123  18:55  Nexus  
  123  18:57  Stalker x2  
  123  18:59  High Templar x2  
  131  19:03  Archon  
  121  19:23  High Templar x4  
  119  19:29  Archon x2  
  119  19:30  Shield Battery  
  117  19:32  Photon Cannon  
  117  19:43  High Templar x2  
  121  19:45  Pylon  
  121  19:58  Zealot x4  
  127  20:11  Gateway  
  125  20:28  Gateway  
  119  20:30  Gateway  
  111  20:36  Immortal  
  111  20:37  Zealot  
  111  20:38  Zealot x5, Protoss Shields Level 1 (Chrono Boost)  
  111  20:41  Probe x2  
  125  20:49  Gateway  
  123  20:57  Shield Battery  
  121  21:06  Stalker x5  
  129  21:12  Stalker  
  131  21:22  Stalker  
  131  21:23  Stalker  
  116  21:35  Stalker x4  
  116  21:36  Stalker  
  108  21:45  Stalker  
  103  21:50  Stalker  
  97  21:56  Stalker  
  97  21:57  Stalker  
  100  22:01  Stalker x3  
  100  22:07  High Templar x2  
  110  22:11  Archon  
  88  22:40  Nexus  
  77  22:46  High Templar x2  
  26  24:21  Zealot x4  
Show
View Real Time Build Order
Export as new Build Order

Cham Zerg - Winner!

Build Orders: Hatch First, Lurkers, Roach Hydra 

Get SALT Encoding   

  12  0:00  Drone  
  13  0:12  Overlord  
  13  0:17  Drone  
  14  0:30  Drone x2  
  16  0:49  Hatchery  
  15  0:53  Drone  
  15  0:56  Drone  
  17  0:58  Drone  
  18  1:13  Extractor  
  18  1:15  Spawning Pool  
  18  1:18  Drone  
  17  1:22  Drone  
  18  1:30  Drone  
  19  1:47  Drone  
  20  1:54  Overlord  
  20  2:01  Queen  
  20  2:02  Zergling x2, Queen  
  20  2:03  Zergling x2  
  26  2:11  Drone  
  26  2:12  Drone  
  28  2:21  Drone  
  29  2:23  Drone  
  30  2:35  Hatchery  
  29  2:42  Queen  
  31  2:46  Queen  
  31  2:48  Zergling x2  
  35  2:51  Zergling x2  
  35  2:58  Spore Crawler  
  35  2:59  Overlord  
  35  3:04  Drone  
  35  3:06  Overlord  
  35  3:17  Drone x5  
  40  3:22  Queen  
  42  3:27  Queen  
  42  3:32  Drone  
  45  3:34  Metabolic Boost  
  45  3:37  Drone  
  45  3:38  Drone  
  45  3:40  Drone  
  48  3:41  Drone  
  48  3:46  Overlord  
  49  3:50  Drone  
  49  3:55  Drone  
  51  3:56  Drone x4  
  51  3:58  Drone  
  51  3:59  Drone  
  57  4:04  Queen  
  59  4:10  Evolution Chamber  
  59  4:11  Evolution Chamber  
  59  4:15  Drone x3  
  60  4:17  Drone  
  60  4:19  Overlord  
  60  4:25  Drone  
  60  4:28  Drone x3  
  60  4:31  Drone x2  
  66  4:32  Overlord  
  66  4:36  Lair  
  66  4:42  Overlord  
  66  4:46  Overlord  
  66  4:47  Drone x2  
  66  4:49  Roach Warren  
  66  4:50  Drone x2  
  66  4:51  Drone  
  66  4:52  Drone  
  71  4:55  Drone x2  
  71  4:58  Extractor  
  72  5:01  Overlord  
  72  5:03  Zergling x6  
  72  5:04  Zergling x4  
  72  5:06  Zergling x2  
  74  5:11  Zergling x2  
  74  5:12  Drone  
  70  5:15  Drone  
  70  5:18  Drone x2  
  70  5:20  Drone  
  70  5:21  Drone x2  
  75  5:24  Drone  
  75  5:25  Extractor x2  
  75  5:27  Drone x3  
  78  5:30  Extractor x2  
  78  5:32  Evolution Chamber, Drone x2  
  74  5:37  Drone  
  74  5:42  Overlord  
  74  5:43  Drone  
  74  5:46  Glial Reconstitution  
  74  5:48  Drone x4  
  79  5:53  Drone x3  
  79  5:56  Hatchery  
  81  6:01  Hydralisk Den, Zerg Missile Weapons Level 1  
  80  6:06  Drone x2  
  80  6:07  Drone  
  80  6:08  Drone x2  
  83  6:11  Drone  
  83  6:12  Overlord  
  83  6:14  Roach  
  83  6:18  Overlord  
  86  6:19  Roach  
  86  6:21  Drone  
  86  6:22  Drone  
  86  6:23  Overlord  
  86  6:24  Drone  
  86  6:25  Drone x2  
  93  6:27  Drone x2  
  93  6:30  Drone x2  
  97  6:35  Grooved Spines, Drone x2  
  97  6:38  Drone  
  97  6:39  Hydralisk, Drone  
  101  6:43  Hydralisk  
  105  6:49  Hydralisk  
  105  6:51  Hydralisk  
  105  6:54  Hydralisk x3, Overlord  
  109  6:58  Extractor  
  109  7:00  Hydralisk x2  
  118  7:02  Overlord  
  118  7:05  Hydralisk x2  
  122  7:13  Hydralisk x2, Overlord  
  122  7:14  Hydralisk x2  
  130  7:20  Hydralisk, Overlord  
  130  7:22  Overlord  
  132  7:23  Hydralisk  
  132  7:25  Hydralisk  
  132  7:26  Muscular Augments  
  132  7:28  Hydralisk x2  
  140  7:32  Overlord  
  140  7:33  Hydralisk x2  
  140  7:36  Roach  
  146  7:39  Roach x3  
  146  7:41  Roach  
  154  7:48  Roach x2  
  154  7:49  Roach x2  
  154  7:51  Overlord  
  162  7:53  Hydralisk  
  162  7:56  Zerg Ground Armor Level 1, Hydralisk  
  162  7:57  Hydralisk  
  162  7:58  Hydralisk  
  168  8:00  Overlord  
  168  8:04  Extractor, Drone  
  170  8:05  Overlord  
  170  8:06  Hydralisk  
  170  8:07  Hydralisk  
  170  8:09  Roach  
  170  8:11  Overseer, Hydralisk  
  178  8:14  Roach  
  178  8:17  Roach  
  182  8:20  Drone x3  
  182  8:21  Infestation Pit, Drone  
  182  8:22  Drone  
  182  8:26  Roach  
  182  8:27  Roach x2  
  190  8:29  Roach  
  190  8:32  Roach x2  
  190  8:33  Roach  
  197  8:45  Hydralisk  
  197  8:46  Hydralisk x4, Lurker Den  
  197  8:47  Hydralisk  
  181  8:48  Roach  
  181  8:50  Roach  
  181  8:52  Roach  
  181  8:53  Hydralisk  
  183  9:00  Hydralisk x3  
  185  9:05  Hydralisk x2  
  185  9:06  Roach x2  
  185  9:09  Hydralisk x2  
  186  9:12  Hydralisk  
  186  9:13  Hydralisk  
  186  9:24  Hive  
  186  9:25  Hydralisk  
  186  9:27  Hydralisk  
  186  9:28  Hatchery  
  175  9:32  Hydralisk x2  
  175  9:35  Hydralisk  
  175  9:36  Hydralisk  
  163  9:40  Hydralisk x2  
  155  9:47  Hydralisk x3  
  155  9:49  Hydralisk  
  155  9:52  Hydralisk  
  151  9:57  Hydralisk x2  
  155  10:01  Hydralisk  
  155  10:02  Hydralisk x2  
  161  10:08  Hydralisk x3  
  161  10:12  Drone x4  
  169  10:16  Zergling x2, Zerg Missile Weapons Level 2  
  170  10:21  Zergling x8  
  170  10:25  Zergling x4  
  176  10:29  Zergling x4, Overlord  
  176  10:33  Zergling x12  
  184  10:39  Adaptive Talons  
  160  11:01  Spine Crawler, Spore Crawler, Drone x3, Extractor x2  
  160  11:02  Drone x3  
  160  11:03  Spine Crawler  
  161  11:06  Drone  
  161  11:08  Evolution Chamber  
  161  11:11  Lurker x9  
  164  11:13  Zergling x24  
  164  11:15  Lurker  
  164  11:18  Drone x2  
  185  11:19  Spine Crawler  
  184  11:28  Drone  
  184  11:30  Lurker  
  184  11:31  Lurker, Spire  
  186  11:37  Zergling x24, Seismic Spines  
  198  11:40  Lurker x2  
  200  11:52  Zerg Ground Armor Level 2  
  186  12:07  Hydralisk x7  
  186  12:08  Hydralisk x5  
  198  12:15  Hydralisk x3  
  200  12:18  Hydralisk x2, Overlord x2  
  200  12:20  Hydralisk x2  
  175  12:30  Hydralisk x2  
  175  12:35  Lurker  
  175  12:36  Lurker  
  178  12:37  Lurker  
  178  12:38  Zergling x6  
  178  12:39  Zergling x6  
  178  12:43  Lurker x2  
  187  12:44  Zergling x6  
  187  12:45  Zergling x2  
  187  12:47  Lurker, Hatchery  
  187  12:49  Zergling x8  
  195  12:55  Zerg Missile Weapons Level 3  
  195  13:02  Greater Spire  
  195  13:08  Hatchery  
  190  13:26  Hydralisk x9  
  190  13:27  Hydralisk x4  
  165  13:30  Zergling x4  
  165  13:33  Hydralisk  
  165  13:34  Zergling x2  
  147  13:35  Hydralisk  
  147  13:36  Hydralisk  
  147  13:38  Hydralisk  
  134  13:41  Hydralisk  
  134  13:47  Hydralisk x3  
  138  13:49  Hydralisk  
  138  13:53  Lurker x3  
  138  13:55  Roach  
  145  13:57  Roach  
  145  14:00  Roach  
  145  14:01  Roach  
  151  14:04  Hydralisk x2  
  155  14:11  Hydralisk x3  
  161  14:21  Corruptor x2  
  164  14:25  Lurker  
  164  14:26  Lurker  
  164  14:28  Corruptor, Zerg Flyer Weapons Level 1  
  164  14:29  Corruptor  
  170  14:36  Corruptor  
  172  14:40  Drone x4  
  172  14:41  Drone x4  
  178  14:54  Queen  
  178  14:55  Drone x2  
  178  14:58  Brood Lord x2, Spore Crawler  
  178  14:59  Corruptor, Spore Crawler  
  184  15:06  Brood Lord  
  173  15:07  Brood Lord  
  173  15:08  Hydralisk, Extractor  
  173  15:10  Hydralisk, Extractor  
  137  15:15  Hydralisk  
  137  15:16  Hydralisk x2  
  137  15:21  Hydralisk, Roach  
  125  15:23  Roach x2  
  125  15:25  Roach  
  125  15:27  Roach  
  129  15:29  Roach  
  129  15:32  Roach x2  
  135  15:36  Roach x2  
  135  15:39  Roach x2  
  135  15:40  Roach  
  141  15:45  Hydralisk x2  
  142  15:50  Hydralisk x2  
  142  15:55  Hydralisk x2  
  140  15:58  Hydralisk  
  133  16:04  Hydralisk x2  
  133  16:08  Hydralisk  
  135  16:13  Hydralisk  
  137  16:23  Hatchery  
  136  16:37  Zerg Flyer Weapons Level 2  
  136  16:42  Lurker x3  
  136  16:44  Brood Lord  
  136  16:46  Drone  
  142  16:47  Drone  
  142  16:52  Hatchery  
  142  16:53  Infestor x2  
  146  16:59  Lurker x2  
  146  17:00  Drone x3  
  151  17:03  Drone x2  
  151  17:07  Brood Lord  
  155  17:14  Overseer  
  155  17:16  Zergling x6  
  155  17:17  Drone x3  
  155  17:19  Drone x2  
  163  17:34  Corruptor x5  
  171  17:41  Drone x2  
  171  17:42  Drone x3  
  172  18:03  Neural Parasite, Hatchery  
  171  18:07  Infestor x3  
  171  18:09  Brood Lord  
  178  18:17  Corruptor x3  
  184  18:20  Drone x2  
  184  18:21  Drone  
  182  18:35  Brood Lord x3  
  183  18:44  Drone x5, Hatchery  
  183  18:45  Drone  
  185  18:57  Corruptor x4  
  184  19:12  Brood Lord x3  
  178  19:33  Extractor  
  178  19:36  Drone x3  
  178  19:37  Drone x3  
  164  19:43  Hydralisk x7  
  178  19:54  Overseer x2  
  178  19:55  Overseer  
  178  20:06  Extractor  
  177  20:09  Hydralisk  
  177  20:10  Hydralisk x6  
  186  20:36  Hydralisk x7  
  200  20:43  Spore Crawler  
  200  20:44  Spine Crawler  
  200  20:45  Spine Crawler  
  200  20:46  Spore Crawler  
  200  20:48  Pneumatized Carapace  
  196  20:50  Lurker x4  
  196  20:54  Spine Crawler  
  196  20:56  Spine Crawler  
  195  21:08  Lurker x3  
  195  21:09  Zergling x2  
  195  21:10  Zergling x2  
  176  21:36  Hydralisk x4  
  176  21:39  Overlord x2  
  162  21:51  Hydralisk  
  162  21:52  Hydralisk x8  
  174  21:58  Hydralisk  
  174  22:00  Hydralisk x2  
  180  22:06  Hydralisk  
  180  22:07  Hydralisk  
  178  22:27  Hydralisk x2  
  178  22:29  Overlord x5  
  156  23:05  Hydralisk x6  
  132  23:06  Hydralisk  
  146  23:14  Hydralisk  
  146  23:19  Lurker  
  138  23:30  Hydralisk x2  
  124  23:45  Hydralisk x2  
  118  23:55  Hydralisk  
  114  24:02  Hydralisk  
  115  24:12  Hydralisk x2  
Tags
 
Add a new tag
Caveats
  • Supply blocks, unpowered buildings, or Contaminate may cause inaccurate times.
  • Supply counts are checked every 10 seconds.